 Dungeon Crawl Stone Soup version 0.32-a0-612-g1c984fe9d1 (webtiles) character file.

Game seed: 6552730914514684295

75 miscthings the Apothecary (level 4, -3/45 HPs)
             Began as a Coglin Alchemist on Mar 5, 2024.
             Slain by Natasha (7 damage)
             ... on level 2 of the Dungeon.
             The game lasted 00:03:43 (1285 turns).

miscthings the Apothecary (Coglin Alchemist)        Turns: 1285, Time: 00:03:43

Health: -3/45      AC: 22    Str:  8    XL:     4   Next: 31%
Magic:  4/7        EV:  2    Int: 17    God:
Gold:   115        SH:  0    Dex: 14    Spells: 2/8 levels left

rFire   . . .        g - +0 dagger {Nammahani}
rCold   . . .        q - +1 sling {Namzu}
rNeg    . . .        a - melded +0 robe
rPois   +            (helmet currently unavailable)
rElec   .            p - melded +0 cloak
rCorr   .            (gloves currently unavailable)
SInv    .            (boots currently unavailable)
Will    .....        (no amulet)
Stlth   ++           (no ring)
HPRegen 0.27/turn    (no ring)
MPRegen 0.10/turn    (no gizmo)

%: no passive effects
@: tree-form, slowed, very slow
A: stationary, stasis, torment immunity, boosted hp, off-hand wielding, slow
wielding, warmup strikes, (no jewellery)
a: Invent Gizmo


You were on level 2 of the Dungeon.
You were a tree.
You visited 1 branch of the dungeon, and saw 2 of its levels.

You collected 115 gold pieces.

Inventory:

Hand Weapons
 g - a +0 dagger (weapon) {Nammahani}
 n - the +3 falchion of Joyful Slaughter {venom, rN+++ Will++ Int-5}
   (You found it on level 2 of the Dungeon)

   Int-5:     It affects your intelligence (-5).
   rN+++:     It renders you almost immune to negative energy.
   Will++:    It greatly increases your willpower.
 q - a +1 sling (offhand) {Namzu}
Armour
 a - a +0 robe (melded)
 p - a +0 cloak (melded)
Scrolls
 c - 3 scrolls of amnesia {unknown}
 d - 2 scrolls of enchant armour {unknown}
 e - a scroll of fog {unknown}
 f - a scroll of butterflies {unknown}
 i - 2 scrolls of identify {unknown}
 j - 3 scrolls of enchant weapon
 l - a scroll of torment {unknown}
 m - a scroll of noise {unknown}
Potions
 b - a potion of magic
 k - a potion of mutation {unknown}
 o - a potion of resistance {unknown}
 r - a potion of degeneration {unknown}


   Skills:
 - Level 1.9 Dodging
 - Level 1.7 Stealth
 + Level 2.5 Spellcasting
 + Level 2.0 Conjurations
 + Level 4.0 Alchemy


You had 2 spell levels left.
You knew the following spells:

 Your Spells              Type           Power      Damage    Failure   Level
a - Sting                 Conj/Alch      48%        1d6       5%          1
b - Mercury Vapours       Alch/Air       18%        N/A       12%         2
c - Mephitic Cloud        Conj/Alch/Air  9%         N/A       24%         3

Your spell library contained the following spells:

 Spells                   Type           Power      Damage    Failure   Level
 Olgreb's Toxic Radiance  Alch           16%        N/A       34%         4
 Sticky Flame             Fire/Alch      9%         2d5       61%         4


Dungeon Overview and Level Annotations

Branches:
Dungeon (2/15)

Altars:

Annotations:
D:2 Natasha


Innate Abilities, Weirdness & Mutations

You are a tree.
Your roots penetrate the ground, keeping you stationary.
You cannot be teleported.
You are immune to unholy pain and torment.
Your maximum health is greatly increased.
Your equipment is partially melded.
You can wield a second weapon in your off-hand.
It takes a long time for you to wield or remove held weapons.
Your first few attacks do less damage.
((You cannot equip rings or amulets.))


Message History

Aiming: Sting (safe; 5% risk of failure)
Press: ? - help, Shift-Dir - straight line, f/p - Natasha
Aim: Natasha (moderately wounded, poisoned, 64% to hit)
Okay, then.
Natasha claws you but does no damage.
The cerulean imp hits you with a +2 spear.
Casting: Sting (safe; 5% risk of failure)
Confirm with . or Enter, or press ? or * to list all spells.
Aiming: Sting (safe; 5% risk of failure)
Press: ? - help, Shift-Dir - straight line, f/p - Natasha
Aim: Natasha (moderately wounded, poisoned, 64% to hit)
The sting misses Natasha.
Natasha stares at you and mumbles some strange words.
You feel yourself slow down.
The cerulean imp hits you but does no damage.
Casting: Sting (safe; 5% risk of failure)
Confirm with . or Enter, or press ? or * to list all spells.
Aiming: Sting (safe; 5% risk of failure)
Press: ? - help, Shift-Dir - straight line, f/p - Natasha
Aim: Natasha (moderately wounded, poisoned, 64% to hit)
The sting hits Natasha but does no damage.
Natasha looks even sicker.
Natasha is moderately wounded.
Natasha casts a spell at you. The magic dart hits you!
The cerulean imp hits you with a +2 spear.
You aren't carrying any items that you can evoke.
Okay, then.
As you read the scroll labelled XYTHRON RIELLOU, it crumbles to dust.
It is a scroll of enchant weapon.
Your +0 sling {Namzu} glows red for a moment.
Natasha completely misses you. The cerulean imp misses you. Natasha claws you.
* * * LOW HITPOINT WARNING * * *
The cerulean imp hits you with a +2 spear.
* * * LOW HITPOINT WARNING * * *
It was a potion of lignification.
You turn into a tree.
Your +0 cloak melds into your body.
Your +0 robe melds into your body.
Your roots penetrate the ground.
Natasha claws you!
You die...
Natasha begins licking her fur clean.

##### #...## ##### ## ##
..... .... .. . .... ..#
#. #. #..# #.# #.
##.##..# ########.###.
##...#h.# .............
#.....5♣##..............
#............#####..##..
#.......####.# #.###..
#.###....#..## #.# #..
#......#.....# #.# #..
#......#...# #.# #.#
#.###.##...# #.# #..
#.###.## #.# #.# #(###.#
#.# #.# #.#


You could see Natasha (poisoned) and a cerulean imp (summoned).

Vanquished Creatures
  3 adders (D:2)
  A gnoll (D:2)
  A dart slug (D:1)
  3 endoplasms
  5 goblins
  3 hobgoblins (D:1)
  6 jackals
  3 ball pythons
  5 bats
  3 frilled lizards (D:1)
  A kobold (D:2)
  A rat (D:1)
35 creatures vanquished.

Notes
Turn   | Place    | Note
-------+----------+-------------------------------------------
     0 | D:1      | miscthings the Coglin Alchemist began the quest for the
                  | Orb.
     0 | D:1      | Reached XP level 1. HP: 13/13 MP: 3/3
    45 | D:1      | Reached skill level 1 in Conjurations
   129 | D:1      | Reached XP level 2. HP: 19/19 MP: 2/4
   872 | D:2      | Reached XP level 3. HP: 24/24 MP: 3/6
   875 | D:2      | Learned a level 2 spell: Mercury Vapours
   879 | D:2      | Learned a level 3 spell: Mephitic Cloud
  1159 | D:2      | Reached skill level 4 in Alchemy
  1159 | D:2      | Reached XP level 4. HP: 26/30 MP: 2/7
  1170 | D:2      | Identified the +3 falchion of Joyful Slaughter {venom,
                  | rN+++ Will++ Int-5}
  1277 | D:2      | Noticed Natasha
  1285 | D:2      | Slain by Natasha

Illustrated notes

Levels and vault maps discovered:
D:1:      dpeg_arrival_tiny_k, layout_basic
D:2:      layout_loops_ring, uniq_natasha

Skill      XL: |  1  2  3  4 |
---------------+-------------+-----
Conjurations   | 1 2 |  2.0
Spellcasting   | 2 |  2.5
Alchemy        | 4 |  4.0
Dodging        | |  1.9
Stealth        | |  1.7

Action                     |  1- 3 |  4- 6 || total
---------------------------+-------+-------++-------
  Melee: Unarmed           |    17 |       ||    17
         Dagger            |    47 |     6 ||    53
   Cast: Sting             |    36 |    10 ||    46
         Mercury Vapours   |     2 |       ||     2
    Use: Scroll            |       |     1 ||     1
         Potion            |       |     1 ||     1
 Armour: Robe              |    34 |     9 ||    43
         Skin              |       |     1 ||     1
  Dodge: Dodged            |    54 |     7 ||    61

Table legend: (Time is in decaauts)
 A = Elapsed time spent in this place.
 B = Non-inter-level travel time spent in this place.
 C = Inter-level travel time spent in this place.
 D = Time resting spent in this place.
 E = Time spent auto-exploring this place.
 F = Levels seen in this place.
 G = Mean time per level.
                   A        B        C        D        E       F      G
               +--------+--------+--------+--------+--------+-----+--------+
         Total |   1286 |   1211 |     75 |     60 |    822 |   2 |  643.0 |
       Dungeon |   1286 |   1211 |     75 |     60 |    822 |   2 |  643.0 |
               +--------+--------+--------+--------+--------+-----+--------+

Top non-repeatable levels by time:
     D:1: 896 daAuts
     D:2: 389 daAuts
